 Dungeon Crawl Stone Soup version 0.28.0-45-g0d030f2227 (webtiles) character file.

Game seed: 8405778963504127517

322 CryoSword the Shield-Bearer (level 6, -5/49 HPs)
             Began as a Formicid Fighter on Apr 8, 2022.
             Slain by a wraith (11 damage)
             ... on level 7 of the Dungeon.
             The game lasted 00:04:29 (3189 turns).

CryoSword the Shield-Bearer (Formicid Fighter)      Turns: 3189, Time: 00:04:29

Health: -5/49      AC:  7    Str: 20    XL:     6   Next: 76%
Magic:  6/6        EV:  9    Int:  8    God:
Gold:   162        SH:  5    Dex: 12    Spells: 5/5 levels left

rFire   . . .      SeeInvis +   m - +0 flail (vorpal)
rCold   . . .      Faith    .   c - +0 buckler
rNeg    . . .      Spirit   .   b - +0 scale mail
rPois   .          Reflect  .   (helmet unavailable)
rElec   .          Harm     .   (no cloak)
rCorr   .          Rampage  .   (no gloves)
Will    .....                   (no boots)
Stlth   ..........              (no amulet)
HPRegen 0.16/turn               (no ring)
MPRegen 0.10/turn               (no ring)

@: mighty, silenced
A: permanent stasis, dig shafts and tunnels, antennae 3, four strong arms
a: Dig, Shaft Self


You were on level 7 of the Dungeon.
You visited 1 branch of the dungeon, and saw 5 of its levels.

You collected 162 gold pieces.

Inventory:

Hand Weapons
 a - a +0 quarterstaff
 m - a +0 vorpal flail (weapon)
   (You took it off an orc on level 3 of the Dungeon)
Missiles
 e - 7 poisoned darts (quivered)
Armour
 b - a +0 scale mail (worn)
 c - a +0 buckler (worn)
Scrolls
 g - 2 scrolls of fear {unknown}
 h - a scroll of identify {unknown}
 i - a scroll of torment {unknown}
 j - a scroll of enchant armour {unknown}
 o - 2 scrolls of silence
Potions
 k - a potion of lignification {unknown}
 l - a potion of curing {unknown}
 n - a potion of magic {unknown}
 p - a potion of haste {unknown}


   Skills:
 + Level 4.4 Fighting
 * Level 4.4 Staves
 + Level 4.4 Armour
 + Level 5.0 Shields


You had 5 spell levels left.
You didn't know any spells.
Your spell library contained the following spells:

 Spells                   Type           Power      Damage    Failure   Level
 Sublimation of Blood     Necr           0%         N/A       91%         2
 Tukima's Dance           Hex            0%         N/A       99%         3
 Passage of Golubria      Tloc           0%         N/A       100%        4
 Petrify                  Tmut/Erth      0%         N/A       100%        4
 Irradiate                Conj/Tmut      0%         3d13      100%        5
 Yara's Violent Unravell  Hex/Tmut       0%         3d3       100%        5


Dungeon Overview and Level Annotations

Branches:
Dungeon (4/15)
 Temple: D:4-7

Altars:

Annotations:
D:4 Menkaure


Innate Abilities, Weirdness & Mutations

You cannot be hasted, slowed, berserked, paralysed or teleported.
You can dig through walls and to a lower floor.
You have a pair of large antennae on your head. (SInv)
Your four strong arms can wield two-handed weapons with a shield.


Message History

The centaur skeleton kicks you but does no damage.
The centaur skeleton closely misses you.
The centaur skeleton kicks you but does no damage.
You sock the centaur skeleton!
The centaur skeleton hits you but does no damage.
The centaur skeleton barely misses you.
The centaur skeleton closely misses you. x2
You hit the centaur skeleton.
The centaur skeleton hits you but does no damage.
The centaur skeleton barely misses you. The centaur skeleton hits you.
The centaur skeleton barely misses you.
You sock the centaur skeleton!
You destroy the centaur skeleton!
No target in view!
No target in view!
No target in view!
No target in view!
No target in view!
No target in view!
No target in view!
p - a purple potion
Found a stone staircase leading down.
There is a stone staircase leading down here.
Menkaure, Prince of Dust comes into view.
Menkaure shouts!
A water moccasin skeleton comes into view.
You barely miss the water moccasin skeleton.
The water moccasin skeleton bites you but does no damage.
You hit the water moccasin skeleton.
The water moccasin skeleton barely misses you.
The water moccasin skeleton bites you.
You hit the water moccasin skeleton.
The water moccasin skeleton barely misses you. x2
You barely miss the water moccasin skeleton.
You block the water moccasin skeleton's attack.
You closely miss the water moccasin skeleton.
The water moccasin skeleton barely misses you.
You block the water moccasin skeleton's attack.
You sock the water moccasin skeleton! The water moccasin skeleton bites you.
The iguana hisses angrily.
You hit the water moccasin skeleton.
The water moccasin skeleton bites you. x2
You sock the water moccasin skeleton!
You destroy the water moccasin skeleton!
Your Shields skill increases to level 5!
You block the iguana's attack.
You hit the iguana. The iguana completely misses you.
You thump the iguana!
The iguana bites you but does no damage.
You barely miss the iguana. The iguana closely misses you.
The iguana bites you.
You hit the iguana but do no damage. The iguana bites you.
You sock the iguana!
You kill the iguana!
There is a stone staircase leading down here.
You see here an iguana corpse.
Found a leather armour.
You see here a +0 leather armour.
There is a stone staircase leading up here.
e - 6 poisoned darts (gained 1)
e - 7 poisoned darts (gained 1)
Found 8 gold pieces.
A sourceless malevolence fills the Dungeon...
You fall into a shaft and drop 3 floors!
The shaft crumbles and collapses.
A centaur and a wraith come into view.
The centaur shouts!
Found 5 gold pieces, a scroll labelled EZXAOM COAFALI and a chain mail.
Found an escape hatch in the floor.
The centaur wields a +0 shortbow.
The centaur shoots an arrow.
The arrow hits you.
The centaur shoots an arrow.
The arrow hits you!
The centaur shoots an arrow.
The arrow barely misses you. The wraith hits you.
As you read the scroll labelled GAORGH GO VAKO, it crumbles to dust.
A profound silence engulfs you.
It was a scroll of silence.
The wraith hits you!
* * * LOW HITPOINT WARNING * * *
The wraith drains your vigour!
Your stasis prevents you from being slowed.
Magic scrolls do not work when you're silenced!
It was a potion of heal wounds.
You feel much better. You block the wraith's attack.
You barely miss the wraith.
The centaur shoots an arrow.
The arrow hits you. The wraith hits you but does no damage.
The centaur shoots an arrow.
The arrow hits you.
You hit the wraith.
The centaur shoots an arrow.
You block the arrow. The wraith barely misses you.
You barely miss the wraith.
The centaur shoots an arrow.
The arrow closely misses you. You block the wraith's attack.
The centaur shoots an arrow.
The arrow barely misses you.
You hit the wraith but do no damage.
The centaur shoots an arrow.
The arrow hits you but does no damage. The wraith closely misses you.
The centaur shoots an arrow.
You block the arrow. The wraith hits you. The wraith drains your vigour!
Your stasis prevents you from being slowed.
You hit the wraith.
The centaur shoots an arrow.
The arrow hits you!
* * * LOW HITPOINT WARNING * * *
The centaur shoots an arrow.
The arrow hits you.
* * * LOW HITPOINT WARNING * * *
The wraith hits you.
* * * LOW HITPOINT WARNING * * *
You feel much better.
The centaur shoots an arrow.
The arrow closely misses you. The wraith hits you but does no damage.
You barely miss the centaur.
The centaur unwields a +0 shortbow.
The centaur barely misses you.
The centaur kicks you but does no damage.
The wraith hits you. The wraith drains your vigour!
Your stasis prevents you from being slowed.
The centaur hits you but does no damage.
You block the centaur's attack.
You sock the centaur! The wraith hits you.
* * * LOW HITPOINT WARNING * * *
The centaur barely misses you. The centaur kicks you.
* * * LOW HITPOINT WARNING * * *
The wraith hits you.
* * * LOW HITPOINT WARNING * * *
The wraith drains your vigour!
Your stasis prevents you from being slowed.
The centaur hits you.
* * * LOW HITPOINT WARNING * * *
The centaur barely misses you.
You hit the centaur. The centaur hits you.
* * * LOW HITPOINT WARNING * * *
The centaur kicks you but does no damage.
The wraith closely misses you.
You barely miss the centaur. The centaur barely misses you.
The centaur kicks you but does no damage.
The centaur hits you.
* * * LOW HITPOINT WARNING * * *
You block the centaur's attack. The wraith barely misses you.
You hit the centaur but do no damage.
The centaur hits you but does no damage.
The centaur kicks you but does no damage.
You block the wraith's attack. The centaur hits you.
* * * LOW HITPOINT WARNING * * *
The centaur kicks you.
* * * LOW HITPOINT WARNING * * *
You feel very mighty all of a sudden. The centaur closely misses you.
The centaur kicks you but does no damage.
You block the wraith's attack. The centaur hits you.
* * * LOW HITPOINT WARNING * * *
The centaur barely misses you.
You hit the centaur. The wraith hits you.
* * * LOW HITPOINT WARNING * * *
The wraith drains your vigour!
Your stasis prevents you from being slowed.
The centaur hits you but does no damage.
The centaur kicks you but does no damage.
The wraith hits you!
You die...

.................
...................
..................#
..................#
..................#
..................#
..................#
..........W.......#
.....$....c@?.....#
..................#
##############.....
####


You could see a wraith and a centaur.

Vanquished Creatures
  A scorpion (D:4)
  A water moccasin skeleton (D:4)
  A centaur skeleton (D:4)
  2 iguanas (D:4)
  An orc wizard (D:3)
  2 adders
  2 worms
  4 dart slugs
  10 orcs (D:3)
  6 ball pythons
  2 bats (D:2)
  8 endoplasms
  2 giant cockroaches (D:1)
  6 goblins
  8 hobgoblins
  A quokka (D:1)
  3 frilled lizards
  5 kobolds
  5 rats
70 creatures vanquished.

Notes
Turn   | Place    | Note
-------+----------+-------------------------------------------
     0 | D:1      | CryoSword the Formicid Fighter began the quest for the Orb.
     0 | D:1      | Reached XP level 1. HP: 18/18 MP: 1/1
    97 | D:1      | Found a faded altar of an unknown god.
   103 | D:1      | Reached XP level 2. HP: 24/24 MP: 2/2
   625 | D:1      | Reached XP level 3. HP: 26/29 MP: 3/3
  1104 | D:2      | Reached skill level 4 in Shields
  1467 | D:2      | Reached XP level 4. HP: 31/37 MP: 4/4
  2254 | D:3      | Reached XP level 5. HP: 35/42 MP: 5/5
  2813 | D:4      | Noticed an ogre
  2906 | D:4      | Reached XP level 6. HP: 45/48 MP: 6/6
  3042 | D:4      | Noticed Menkaure
  3112 | D:4      | Reached skill level 5 in Shields
  3170 | D:4      | You fall into a shaft and drop 3 floors!
  3170 | D:7      | Noticed a wraith
  3189 | D:7      | Slain by a wraith

Illustrated notes

Levels and vault maps discovered:
D:1:      minmay_arrival_diagonal_passages, layout_basic,
          ebering_ecumenical_altar_rust, columned_hall_lemuel
D:2:      layout_basic, feat_on_display
D:3:      layout_rooms, minmay_cupped
D:4:      layout_loops_ring, uniq_menkaure
D:7:      gammafunk_steamed_eel, layout_basic, kennysheep_nub, uniq_duvessa,
          uniq_joseph

Skill      XL: |  1  2  3  4  5  6 |
---------------+-------------------+-----
Shields        | 4 5 |  5.0
Staves         | 3 4 |  4.4
Fighting       | 4 |  4.4
Armour         | 4 |  4.4

Action                   |  1- 3 |  4- 6 || total
-------------------------+-------+-------++-------
Melee: Quarterstaff      |   101 |    85 ||   186
       Flail             |       |    73 ||    73
Throw: Dart              |       |     2 ||     2
  Use: Potion            |       |     3 ||     3
       Scroll            |       |     1 ||     1
Armor: Scale mail        |    46 |    66 ||   112
Dodge: Dodged            |    69 |    72 ||   141
Block: Buckler           |    29 |    41 ||    70
